[Event "Titled Tuesday Blitz February 14 Early 2023"]
[White "Shubenkova, Veronika"]
[Black "Ruge, Edison"]
[WhiteFideId "44124040"]
[BlackFideId "4401000"]
[WhiteElo "1960"]
[BlackElo "2201"]
[Result "0-1"]
[Round "05"]
[TimeControl "180+2"]
[Date "2023.02.15"]
[WhiteClock "0:00:09"]
[BlackClock "0:00:23"]

1. e4 e5 2. Nf3 Nc6 3. Bb5 f5 4. Bxc6 dxc6 5. Qe2 Nf6 6. d3 fxe4 7. dxe4 Bd6 8. Nc3 O-O 9. Bg5 Kh8 10. O-O-O Qe8 11. Bxf6 Rxf6 12. h3 Qg6 13. g4 Be6 14. Kb1 Raf8 15. Nh4 Qg5 16. Nf5 Bg8 17. h4 Qg6 18. h5 Qg5 19. h6 g6 20. Nxd6 cxd6 21. Rh2 Be6 22. Rxd6 Bxg4 23. Rxf6 Rxf6 24. Qd3 Rf8 25. b3 Bh5 26. Qd6 Qxh6 27. Rxh5 Qf4 28. Qe7 gxh5 29. f3 h4 30. Ne2 Qf6 31. Qd7 Qxf3 32. Nc3 h3 33. Qe6 Qh5 34. Qe7 Kg8 35. Qe6+ Rf7 36. Qe8+ Kg7 37. Ne2 h2 38. Ng3 Rf1+ 0-1


[Site "https://www.chess.com"]

[Event "Titled Tuesday Blitz February 14 Early 2023"]
[White "De Souza, Cristiano Gomes"]
[Black "Goltsev, Dmitry"]
[WhiteFideId "2151758"]
[BlackFideId "24176710"]
[WhiteElo "2018"]
[BlackElo "2269"]
[Result "1/2-1/2"]
[Round "05"]
[TimeControl "180+2"]
[Date "2023.02.15"]
[WhiteClock "0:00:11"]
[BlackClock "0:01:16"]

1. d4 Nf6 2. c4 e6 3. Nf3 d5 4. Nc3 c5 5. cxd5 exd5 6. Bg5 Nc6 7. e3 cxd4 8. Nxd4 Bb4 9. Rc1 O-O 10. Be2 Ne5 11. O-O a6 12. a3 Ba5 13. Bxf6 gxf6 14. f4 Ng6 15. Bf3 Bxc3 16. Rxc3 Re8 17. Qc2 Qd6 18. Rc1 Bd7 19. g3 Rac8 20. Rxc8 Rxc8 21. Qd2 Re8 22. b4 f5 23. Nb3 Bc6 24. Nc5 Qe7 25. Rc3 Nf8 26. Kf2 Ne6 27. Nxa6 d4 28. Rxc6 bxc6 29. Bxc6 dxe3+ 30. Qxe3 Rd8 31. Nc5 Qd6 32. Nxe6 fxe6 33. b5 Kf7 34. Bf3 Qd2+ 35. Be2 Qxe3+ 36. Kxe3 Ra8 37. Kd4 Rxa3 38. Kc5 Ra2 39. Bc4 Rxh2 40. b6 Rb2 41. Bb5 Rc2+ 42. Kd6 Rb2 43. Kc6 Rc2+ 44. Kd7 Rb2 45. Kc6 Rc2+ 46. Kd6 Rc8 47. b7 Rg8 48. Kc7 Kf6 49. Bd7 e5 50. fxe5+ Kxe5 51. Bc8 Rg7+ 52. Kc6 Rxb7 53. Kxb7 f4 54. gxf4+ Kxf4 55. Kc6 h5 56. Kd5 h4 57. Kd4 h3 58. Bxh3 1/2-1/2


[Site "https://www.chess.com"]

[Event "Titled Tuesday Blitz February 14 Early 2023"]
[White "Fiorito, Joaquin"]
[Black "Manon-og, Ramon Jr."]
[WhiteFideId "180173"]
[BlackFideId "5200776"]
[WhiteElo "2405"]
[BlackElo "1999"]
[Result "1-0"]
[Round "05"]
[TimeControl "180+2"]
[Date "2023.02.15"]
[WhiteClock "0:01:26"]
[BlackClock "0:00:10"]

1. d4 Nf6 2. Nc3 g6 3. e4 d6 4. Be3 Bg7 5. Qd2 O-O 6. Bh6 c6 7. Bxg7 Kxg7 8. O-O-O b5 9. f3 b4 10. Nce2 Qa5 11. Kb1 Be6 12. Nc1 Nbd7 13. g4 h5 14. g5 Nh7 15. h4 Nb6 16. Nb3 Qa4 17. Nh3 Nc4 18. Bxc4 Bxc4 19. f4 a5 20. f5 Qb5 21. Nf4 a4 22. Nc1 b3 23. cxb3 axb3 24. a3 Rfb8 25. Qc3 d5 26. fxg6 fxg6 27. Rhe1 Ra7 28. Ne6+ Kh8 29. Qg3 dxe4 30. d5 1-0


[Site "https://www.chess.com"]

[Event "Titled Tuesday Blitz February 14 Early 2023"]
[White "Weisz, Bryan"]
[Black "Escalona Landi, Samid Eduardo"]
[WhiteFideId "30934133"]
[BlackFideId "3937437"]
[WhiteElo "1973"]
[BlackElo "2218"]
[Result "0-1"]
[Round "05"]
[TimeControl "180+2"]
[Date "2023.02.15"]
[WhiteClock "0:00:09"]
[BlackClock "0:00:50"]

1. e4 c5 2. Nf3 d6 3. d4 cxd4 4. Nxd4 Nf6 5. Nc3 Nc6 6. Bg5 Bd7 7. Bxf6 gxf6 8. g3 e6 9. Bg2 a6 10. O-O h5 11. Re1 Qb6 12. Nf5 Ne5 13. Qd4 Qxd4 14. Nxd4 Rc8 15. Rad1 h4 16. Nde2 Be7 17. b3 b5 18. f4 Ng4 19. Rd3 hxg3 20. hxg3 Bd8 21. Bf3 Bb6+ 22. Kf1 Ne3+ 23. Rxe3 Bxe3 24. Rd1 Ke7 25. f5 b4 26. fxe6 fxe6 27. Rd3 Ba7 28. Nd1 Rxc2 29. Nf4 Bb5 30. Ng6+ Kd7 31. Be2 Rh2 32. Nf4 Bxd3 33. Bxd3 Rc1 34. Ke1 Rh1+ 35. Bf1 Rxd1+ 36. Kxd1 Rxf1+ 37. Ke2 Ra1 0-1


[Site "https://www.chess.com"]

[Event "Titled Tuesday Blitz February 14 Early 2023"]
[White "Belozerov, Andrei"]
[Black "Lacasa Diaz, Jose Antonio"]
[WhiteFideId "4120213"]
[BlackFideId "2203375"]
[WhiteElo "2461"]
[BlackElo "2359"]
[Result "1-0"]
[Round "05"]
[TimeControl "180+2"]
[Date "2023.02.15"]
[WhiteClock "0:00:09"]
[BlackClock "0:00:29"]

1. e4 c5 2. Nf3 d6 3. Bb5+ Bd7 4. Bxd7+ Qxd7 5. c4 Nc6 6. Nc3 Nf6 7. d4 cxd4 8. Nxd4 g6 9. f3 Bg7 10. Be3 O-O 11. O-O a6 12. Nxc6 bxc6 13. Na4 Qc7 14. Rc1 c5 15. Qd2 Nd7 16. Rfd1 Ne5 17. b3 Nc6 18. Nc3 Nd4 19. Nd5 Qd8 20. Bg5 Re8 21. f4 f6 22. Bh4 e6 23. Nc3 Qc7 24. Re1 Qc6 25. Rcd1 f5 26. Kh1 h6 27. Bf2 Kh7 28. Ne2 Nxe2 29. Rxe2 Rad8 30. Rde1 fxe4 31. Rxe4 d5 32. cxd5 Rxd5 33. Qe2 a5 34. h3 h5 35. Bh4 Qd6 36. Bg5 Rd2 37. Qc4 Rxa2 38. Rxe6 Rxe6 39. Qxe6 Qd2 40. Qe4 Rb2 41. Rf1 Qe2 42. Qxe2 Rxe2 43. f5 gxf5 44. Rxf5 Bd4 45. g4 hxg4 46. hxg4 Rb2 47. Rf3 Kg6 48. Bf4 Rf2 49. Rxf2 Bxf2 50. Kg2 Bd4 51. Kf3 Bc3 52. Ke4 Bd4 53. Be3 Bxe3 54. Kxe3 Kg5 55. Kd3 Kxg4 56. Kc4 Kf5 57. Kxc5 Ke6 58. Kb5 Kd6 59. Kxa5 Kc7 60. Kb5 Kb7 61. b4 1-0


[Site "https://www.chess.com"]

[Event "Titled Tuesday Blitz February 14 Early 2023"]
[White "Saravana, Krishnan P."]
[Black "Skaric, Djuro"]
[WhiteFideId "5018382"]
[BlackFideId "934569"]
[WhiteElo "2284"]
[BlackElo "2334"]
[Result "1-0"]
[Round "05"]
[TimeControl "180+2"]
[Date "2023.02.15"]
[WhiteClock "0:01:19"]
[BlackClock "0:01:23"]

1. e4 d6 2. d4 g6 3. Nc3 Bg7 4. Be2 Nf6 5. h4 h5 6. Bg5 O-O 7. Qd2 Nc6 8. O-O-O Kh7 9. f3 a6 10. Nh3 b5 11. Nd5 e6 12. Nxf6+ Bxf6 13. Kb1 e5 14. d5 Nb8 15. Rc1 Nd7 16. c4 bxc4 17. Bxc4 a5 18. Bb5 Bxg5 19. Qxg5 Kg7 20. Qxd8 Rxd8 21. Rxc7 Nc5 22. Ng5 Rf8 23. Rc1 Rb8 24. a4 Kg8 25. Ra7 f6 26. Ne6 Nxe6 27. Rxc8 Rfxc8 28. dxe6 Re8 29. Bxe8 Rxe8 30. Rxa5 Rxe6 31. Ra7 g5 32. a5 g4 33. Rd7 f5 34. exf5 Rf6 35. a6 Rxf5 36. a7 Rf8 37. Rb7 1-0


[Site "https://www.chess.com"]

[Event "Titled Tuesday Blitz February 14 Early 2023"]
[White "Matveeva, Olga"]
[Black "Injac, Teodora"]
[WhiteFideId "24107018"]
[BlackFideId "932400"]
[WhiteElo "2128"]
[BlackElo "2391"]
[Result "1-0"]
[Round "05"]
[TimeControl "180+2"]
[Date "2023.02.15"]
[WhiteClock "0:00:03"]
[BlackClock "0:00:03"]

1. d4 Nf6 2. c4 e6 3. g3 Bb4+ 4. Bd2 a5 5. Bg2 O-O 6. e4 d6 7. Ne2 e5 8. O-O Bxd2 9. Qxd2 Nc6 10. Nbc3 exd4 11. Nxd4 Nxd4 12. Qxd4 Re8 13. Rfe1 a4 14. Rad1 Bg4 15. f3 Bd7 16. c5 Ra6 17. Bf1 Rc6 18. Nxa4 Qa8 19. Bb5 dxc5 20. Qc4 Rd6 21. Nxc5 Bxb5 22. Qxb5 Rb6 23. Qc4 Rxb2 24. a4 Qa5 25. e5 h6 26. Kf1 Nh7 27. e6 fxe6 28. Rxe6 Kf8 29. Qf4+ Nf6 30. Rxf6+ gxf6 31. Qxf6+ Kg8 32. Qg6+ Kf8 33. Nd7+ Ke7 34. Qf6# 1-0


[Site "https://www.chess.com"]

[Event "Titled Tuesday Blitz February 14 Early 2023"]
[White "Alinasab, Mobina"]
[Black "Vifleemskaia, Svetlana"]
[WhiteFideId "12528897"]
[BlackFideId "4129490"]
[WhiteElo "2347"]
[BlackElo "1971"]
[Result "1-0"]
[Round "05"]
[TimeControl "180+2"]
[Date "2023.02.15"]
[WhiteClock "0:00:46"]
[BlackClock "0:00:03"]

1. e4 e5 2. Nf3 Nc6 3. Bb5 a6 4. Ba4 Nf6 5. O-O Be7 6. Qe2 b5 7. Bb3 d6 8. c3 O-O 9. d4 exd4 10. cxd4 Na5 11. Bc2 Bg4 12. h3 Bh5 13. Nc3 c5 14. g4 Bg6 15. Rd1 cxd4 16. Nxd4 Qc7 17. Bg5 h6 18. Bxf6 Bxf6 19. Nd5 Qd8 20. Qd2 Nc4 21. Qb4 Bxd4 22. Rxd4 Qh4 23. Kg2 h5 24. f3 Rac8 25. Qe1 Qxe1 26. Rxe1 Rfe8 27. b3 Ne5 28. Re2 hxg4 29. hxg4 Kf8 30. Kg3 f6 31. Nf4 Bf7 32. Rxd6 Rc3 33. Nd3 1-0


[Site "https://www.chess.com"]

[Event "Titled Tuesday Blitz February 14 Early 2023"]
[White "Kostiukov, Alexandr"]
[Black "Orzech, Dominik"]
[WhiteFideId "14108100"]
[BlackFideId "1115065"]
[WhiteElo "2271"]
[BlackElo "2308"]
[Result "1-0"]
[Round "05"]
[TimeControl "180+2"]
[Date "2023.02.15"]
[WhiteClock "0:00:21"]
[BlackClock "0:00:02"]

1. g3 Nf6 2. c4 g6 3. Bg2 Bg7 4. Nf3 O-O 5. O-O Nc6 6. d4 Rb8 7. Nc3 b6 8. Bf4 Bb7 9. d5 Na5 10. Qd3 Ba6 11. b3 Nb7 12. Nd4 Nc5 13. Qd2 d6 14. Nc6 Qd7 15. Nxb8 Rxb8 16. Rad1 Qf5 17. e4 Ncxe4 18. Nxe4 Nxe4 19. Bxe4 Qxe4 20. Rfe1 Qf3 21. Rxe7 Rf8 22. Rde1 Bc8 23. Qe3 Qg4 24. Re8 Bf5 25. Rxf8+ Bxf8 26. Qe8 Qh3 27. f3 Bd3 28. Qe3 Bf5 29. g4 Bc8 30. Qe8 Bxg4 31. fxg4 Qxg4+ 32. Bg3 Qd4+ 33. Kh1 Qd2 34. Qe3 Qxa2 35. Bf4 1-0


[Site "https://www.chess.com"]

[Event "Titled Tuesday Blitz February 14 Early 2023"]
[White "Pasti, Aron"]
[Black "Jiganchine, Roman"]
[WhiteFideId "785857"]
[BlackFideId "2603667"]
[WhiteElo "2361"]
[BlackElo "2205"]
[Result "1-0"]
[Round "05"]
[TimeControl "180+2"]
[Date "2023.02.15"]
[WhiteClock "0:00:36"]
[BlackClock "0:00:02"]

1. e4 c6 2. d4 d5 3. Nc3 dxe4 4. Nxe4 Nf6 5. Nxf6+ exf6 6. c3 Bd6 7. Bd3 Na6 8. Ne2 Nc7 9. O-O O-O 10. f4 Re8 11. Ng3 g6 12. f5 Nd5 13. fxg6 hxg6 14. c4 Bxg3 15. hxg3 Ne3 16. Bxe3 Rxe3 17. Bc2 Rxg3 18. d5 Kg7 19. dxc6 Qb6+ 20. Kh2 Bg4 21. Qd6 Rh8+ 22. Kxg3 Qe3+ 23. Kxg4 Qe2+ 24. Kg3 Qe3+ 25. Rf3 Qg5+ 26. Kf2 bxc6 27. Re1 Qh4+ 28. Qg3 Qd4+ 29. Rfe3 Qd2+ 30. R1e2 Qd4 31. Kg1 Rh4 32. Qf2 Rf4 33. Rf3 Qxf2+ 34. Rfxf2 Rxc4 35. Bb3 1-0


[Site "https://www.chess.com"]

[Event "Titled Tuesday Blitz February 14 Early 2023"]
[White "Yeritsyan, Hayk"]
[Black "rikchessmx"]
[WhiteFideId "13307320"]
[WhiteElo "2241"]
[BlackElo "2312"]
[Result "1-0"]
[Round "05"]
[TimeControl "180+2"]
[Date "2023.02.15"]
[WhiteClock "0:01:31"]
[BlackClock "0:01:19"]

1. c4 e5 2. Nc3 Nf6 3. b3 Bc5 4. Bb2 d6 5. e3 a6 6. Nge2 O-O 7. g3 Bg4 8. Bg2 Nc6 9. h3 Bh5 10. O-O Rb8 11. Qe1 Nb4 12. d4 exd4 13. exd4 Ba7 14. Qd2 Bg6 15. Nf4 Bf5 16. g4 Bd7 17. a3 Nc6 18. Ncd5 Re8 19. Rae1 b5 20. Rxe8+ Bxe8 21. cxb5 Rxb5 22. b4 a5 23. Re1 axb4 24. Nxf6+ gxf6 25. a4 Rb8 26. Nh5 Bd7 27. Qh6 Qf8 28. Nxf6+ 1-0


[Site "https://www.chess.com"]

[Event "Titled Tuesday Blitz February 14 Early 2023"]
[White "Cepo, Toni"]
[Black "Aarav Dengla"]
[WhiteFideId "4675916"]
[BlackFideId "45059756"]
[WhiteElo "2145"]
[BlackElo "2343"]
[Result "1-0"]
[Round "05"]
[TimeControl "180+2"]
[Date "2023.02.15"]
[WhiteClock "0:00:07"]
[BlackClock "0:00:01"]

1. e4 c5 2. Nf3 d6 3. d4 cxd4 4. Nxd4 Nf6 5. Nc3 a6 6. h3 e5 7. Nb3 Be7 8. g4 h6 9. Be3 Qc7 10. Qd2 b5 11. a4 b4 12. Nd5 Nxd5 13. exd5 O-O 14. Bg2 f5 15. gxf5 Bxf5 16. Rc1 a5 17. O-O Nd7 18. c3 Qc4 19. Qd1 bxc3 20. Nd2 Qa2 21. bxc3 Rac8 22. Qb3 Qxb3 23. Nxb3 Rc4 24. Nxa5 Rxa4 25. Nc6 Bf6 26. Ra1 Rc4 27. Rfc1 e4 28. Ra3 Rc8 29. Bf1 R4xc6 30. dxc6 Rxc6 31. Bb5 Rc7 32. c4 Ne5 33. c5 Nf3+ 34. Kg2 Bb2 35. Ra8+ Kh7 36. Rb1 Be5 37. c6 Nh4+ 38. Kh1 Bxh3 39. Ra7 Rc8 40. Rg1 Ng6 41. c7 d5 42. Bb6 Rf8 43. Ba6 e3 44. Bxe3 Bf5 45. c8=Q Bxc8 46. Bxc8 Rxc8 47. Ra6 Bf6 48. Rc1 Rd8 49. Rcc6 d4 50. Bd2 Ne5 51. Re6 Nc4 52. Ba5 d3 53. Bxd8 d2 54. Rad6 1-0


[Site "https://www.chess.com"]

[Event "Titled Tuesday Blitz February 14 Early 2023"]
[White "Rose, Felix"]
[Black "Manukyan, Artyom"]
[WhiteFideId "5105722"]
[BlackFideId "13305786"]
[WhiteElo "2091"]
[BlackElo "2110"]
[Result "0-1"]
[Round "05"]
[TimeControl "180+2"]
[Date "2023.02.15"]
[WhiteClock "0:00:34"]
[BlackClock "0:02:10"]

1. e4 e6 2. d4 d5 3. Nc3 Nf6 4. e5 Ng8 5. f4 Nh6 6. Nf3 c5 7. Be3 Nf5 8. Bf2 Nc6 9. dxc5 Qa5 10. Bb5 a6 11. Bxc6+ bxc6 12. g4 Nh6 13. g5 Nf5 14. Qd2 Bxc5 15. O-O O-O 16. a3 Bxf2+ 17. Qxf2 c5 18. Ne2 Rb8 19. b3 d4 20. Ng3 Ne3 21. Rfe1 Bb7 22. Nh5 Qc7 23. Rxe3 dxe3 24. Qh4 Bxf3 25. Nf6+ gxf6 26. gxf6 Kh8 0-1


[Site "https://www.chess.com"]

[Event "Titled Tuesday Blitz February 14 Early 2023"]
[White "Sovetbekova, Nurai"]
[Black "Eynullayev, Atilla"]
[WhiteFideId "13801910"]
[BlackFideId "13413570"]
[WhiteElo "1764"]
[BlackElo "2281"]
[Result "0-1"]
[Round "05"]
[TimeControl "180+2"]
[Date "2023.02.15"]
[WhiteClock "0:00:01"]
[BlackClock "0:00:20"]

1. d4 Nf6 2. c4 e6 3. Nc3 Bb4 4. Bd2 O-O 5. e3 c5 6. a3 Bxc3 7. Bxc3 Ne4 8. Qc2 Nxc3 9. Qxc3 cxd4 10. Qxd4 Nc6 11. Qd2 f5 12. Nf3 Qf6 13. Bd3 b6 14. e4 Bb7 15. exf5 Na5 16. Be2 Nb3 17. Qxd7 Bxf3 18. Bxf3 Rad8 19. Qc7 Nxa1 20. O-O Nb3 21. fxe6 Rfe8 22. Bd5 Kh8 23. Re1 Qe7 24. Qf4 Rf8 25. Qg3 Nc5 26. Re5 Rf6 27. Qe3 Rxe6 28. Rxe6 Qxe6 29. Qc3 Qf6 30. Qe3 Qxb2 31. h3 Qa1+ 32. Kh2 Qf6 33. g3 g6 34. Qd2 Rf8 0-1


[Site "https://www.chess.com"]

[Event "Titled Tuesday Blitz February 14 Early 2023"]
[White "Georg, Heinz"]
[Black "Nguyen Hong Nhung"]
[WhiteFideId "4607295"]
[BlackFideId "12412201"]
[WhiteElo "2107"]
[BlackElo "2003"]
[Result "0-1"]
[Round "05"]
[TimeControl "180+2"]
[Date "2023.02.15"]
[WhiteClock "0:01:18"]
[BlackClock "0:00:40"]

1. e4 c5 2. Nf3 e6 3. b3 d6 4. Bb2 e5 5. c3 Nf6 6. Bd3 g6 7. Bc2 Bg7 8. d4 exd4 9. cxd4 O-O 10. O-O Bg4 11. h3 Bxf3 12. Qxf3 Nfd7 13. Rd1 Nc6 14. e5 dxe5 15. d5 Nd4 16. Bxd4 cxd4 17. Bd3 a6 18. a4 Rc8 19. Nd2 Rc3 20. Ne4 Rxb3 21. Rab1 Rxb1 22. Bxb1 Nb6 23. Ba2 Nxa4 24. Qa3 b5 25. d6 Qa8 26. f3 Rd8 27. Rc1 Bf8 28. Rc7 Kh8 29. Rxf7 Nb6 30. Nf6 Bg7 31. Qc5 Bxf6 32. Rxf6 Nd7 0-1


[Site "https://www.chess.com"]

[Event "Titled Tuesday Blitz February 14 Early 2023"]
[White "Womacka, Mathias"]
[Black "Gedgafov, Chamal"]
[WhiteFideId "4611390"]
[BlackFideId "34130621"]
[WhiteElo "2396"]
[BlackElo "2118"]
[Result "1-0"]
[Round "05"]
[TimeControl "180+2"]
[Date "2023.02.15"]
[WhiteClock "0:00:13"]
[BlackClock "0:00:37"]

1. e4 e6 2. d4 d5 3. Nd2 a6 4. Ngf3 c5 5. exd5 exd5 6. Be2 Nf6 7. O-O c4 8. Re1 Be7 9. b3 cxb3 10. axb3 O-O 11. Ne5 Qc7 12. Ndf3 Bf5 13. Bd3 Bxd3 14. Qxd3 Nc6 15. Nxc6 bxc6 16. Rxa6 Bb4 17. Rxa8 Rxa8 18. c3 Bd6 19. Ne5 Ne4 20. f3 Nf6 21. Bg5 Nd7 22. Nxd7 Qxd7 23. c4 h6 24. Bh4 Qb7 25. Bg3 Bf8 26. h3 Qd7 27. c5 Re8 28. Rxe8 Qxe8 29. b4 Qd7 30. Qa3 Qb7 31. Qa5 g6 32. Kh2 Qd7 33. Qa8 Kg7 34. Be5+ f6 35. Bxf6+ Kxf6 36. Qxf8+ Ke6 37. Qxh6 Kf6 38. Qf4+ Kg7 39. Qe5+ Kf7 40. Qd6 Qe8 41. b5 cxb5 42. Qxd5+ Kg7 43. c6 Qb8+ 44. Kh1 Qg3 45. Qe5+ Qxe5 46. dxe5 b4 47. c7 b3 48. c8=Q b2 49. Qb8 1-0


[Site "https://www.chess.com"]

[Event "Titled Tuesday Blitz February 14 Early 2023"]
[White "Gharamian, Tigran"]
[Black "Mazurkiewicz, Michal"]
[WhiteFideId "13301527"]
[BlackFideId "1124943"]
[WhiteElo "2601"]
[BlackElo "2145"]
[Result "1-0"]
[Round "05"]
[TimeControl "180+2"]
[Date "2023.02.15"]
[WhiteClock "0:00:32"]
[BlackClock "0:00:08"]

1. d4 Nf6 2. c4 e5 3. dxe5 Ng4 4. Nf3 Bc5 5. e3 Nc6 6. Nc3 O-O 7. Be2 Re8 8. O-O a5 9. Kh1 Ncxe5 10. Nxe5 Nxe5 11. f4 Nc6 12. Bd3 Bxe3 13. Bxe3 Rxe3 14. Nd5 Re6 15. f5 Rh6 16. f6 Nb4 17. Ne7+ Kh8 18. fxg7+ Kxg7 19. Nf5+ Kg6 20. Nxh6+ Kxh6 21. Rxf7 Nxd3 22. Qxd3 Qg8 23. Raf1 Ra6 24. Qe3+ Qg5 25. Rxh7+ Kg6 26. Qe4+ Qf5 27. Qxf5# 1-0


[Site "https://www.chess.com"]

[Event "Titled Tuesday Blitz February 14 Early 2023"]
[White "Goncalves, Davi Sulzbacher"]
[Black "Cueto, Jonny"]
[WhiteFideId "2154510"]
[BlackFideId "3300145"]
[WhiteElo "2282"]
[BlackElo "2122"]
[Result "1-0"]
[Round "05"]
[TimeControl "180+2"]
[Date "2023.02.15"]
[WhiteClock "0:00:51"]
[BlackClock "0:00:02"]

1. d4 e6 2. Nf3 Nf6 3. Bg5 b6 4. Nbd2 Bb7 5. e4 h6 6. Bxf6 Qxf6 7. Bd3 d5 8. e5 Qd8 9. a4 a6 10. a5 b5 11. c3 Be7 12. b4 O-O 13. O-O f6 14. Nh4 fxe5 15. Ng6 Rf6 16. Nxe5 Nd7 17. f4 Nxe5 18. fxe5 Rxf1+ 19. Nxf1 Bg5 20. Bc2 Qf8 21. Qd3 Qf4 22. Qh7+ Kf7 23. Bg6+ Kf8 24. Qh8+ Ke7 25. Qxg7+ Kd8 26. g3 Qf3 27. Ra2 Qxc3 28. Rc2 Qxd4+ 29. Kg2 Qe4+ 30. Bxe4 c6 31. Rf2 Be7 32. Rf7 Bxb4 33. Qg8+ Bf8 34. Qxf8# 1-0


[Site "https://www.chess.com"]

[Event "Titled Tuesday Blitz February 14 Early 2023"]
[White "Mendez Machado, Andre"]
[Black "Delorme, Axel"]
[WhiteFideId "6603793"]
[BlackFideId "632023"]
[WhiteElo "1974"]
[BlackElo "2483"]
[Result "1-0"]
[Round "05"]
[TimeControl "180+2"]
[Date "2023.02.15"]
[WhiteClock "0:00:17"]
[BlackClock "0:00:22"]

1. e4 c5 2. Nc3 a6 3. d4 cxd4 4. Qxd4 Nc6 5. Qe3 g6 6. Bd2 Bh6 7. Qe2 Bxd2+ 8. Qxd2 Nf6 9. O-O-O d6 10. f4 Bg4 11. Be2 Bxe2 12. Ngxe2 Qa5 13. Kb1 b5 14. Nd5 Nxd5 15. exd5 Qxd2 16. Rxd2 Na7 17. Nd4 Kd7 18. Re1 Rhe8 19. Rde2 Rac8 20. Nb3 Rc4 21. g3 h5 22. c3 Nc8 23. Nd2 Rc5 24. Ne4 Rxd5 25. Nf6+ exf6 26. Rxe8 Rd2 27. Rf8 Nb6 28. Rxf7+ Kc6 29. Rxf6 Nc4 30. b3 Na3+ 31. Kc1 Rxh2 32. Ree6 Rc2+ 33. Kd1 Rxc3 34. Rxd6+ Kc7 35. Rxa6 b4 36. Rf7+ Kb8 37. Rxg6 Nb5 38. Rg8+ Rc8 39. Rxc8+ Kxc8 40. Rf5 Nc3+ 41. Kc2 Nxa2 42. Rxh5 Nc3 43. Rc5+ Kd7 44. Rxc3 1-0


[Site "https://www.chess.com"]

[Event "Titled Tuesday Blitz February 14 Early 2023"]
[White "Smith, Garrett L"]
[Black "Sarkar, Justin"]
[WhiteFideId "2024829"]
[BlackFideId "2010011"]
[WhiteElo "2047"]
[BlackElo "2309"]
[Result "0-1"]
[Round "05"]
[TimeControl "180+2"]
[Date "2023.02.15"]
[WhiteClock "0:00:18"]
[BlackClock "0:00:07"]

1. e4 e5 2. Nf3 Nc6 3. Bc4 Nf6 4. Ng5 d5 5. exd5 Na5 6. Bb5+ Bd7 7. Qe2 Bd6 8. Nc3 O-O 9. Bxd7 Qxd7 10. d3 c6 11. dxc6 Nxc6 12. Nge4 Be7 13. Be3 Nd4 14. Bxd4 exd4 15. Nxf6+ Bxf6 16. Ne4 Be7 17. O-O Rfe8 18. Qd2 Rac8 19. Rac1 Qa4 20. a3 Qb5 21. Rb1 Rc6 22. Rfe1 Rec8 23. Rec1 a5 24. h3 a4 25. c3 dxc3 26. Rxc3 Rxc3 27. Nxc3 Qb3 28. Re1 Bf6 29. d4 g6 30. g3 Rd8 31. d5 Bxc3 32. bxc3 Rxd5 33. Qc1 Rd3 34. Re8+ Kg7 35. Kg2 Qd5+ 36. Kh2 Rd1 0-1


[Site "https://www.chess.com"]

[Event "Titled Tuesday Blitz February 14 Early 2023"]
[White "Mirzanurov, Bulat"]
[Black "Ardila, Oscar Humberto"]
[WhiteFideId "4184521"]
[BlackFideId "4404742"]
[WhiteElo "2232"]
[BlackElo "1982"]
[Result "1-0"]
[Round "05"]
[TimeControl "180+2"]
[Date "2023.02.15"]
[WhiteClock "0:00:06"]
[BlackClock "0:00:01"]

1. e4 e5 2. Nf3 Nf6 3. Nxe5 d6 4. Nf3 Nxe4 5. d4 Be7 6. Bd3 Nf6 7. O-O Bg4 8. h3 Bh5 9. c4 O-O 10. Nc3 Nc6 11. Be3 Re8 12. b3 Qd7 13. Be2 Bf8 14. Ne1 Bxe2 15. Nxe2 Ne4 16. Nd3 g6 17. Rc1 Bg7 18. d5 Ne5 19. Nxe5 Bxe5 20. Bd4 Qf5 21. Bxe5 Rxe5 22. Nd4 Qf4 23. Nf3 Re7 24. Re1 Rae8 25. Qd4 b6 26. Re3 f5 27. Rce1 Qh6 28. Nd2 Qf4 29. Nxe4 fxe4 30. f3 Re5 31. Rxe4 Rxe4 32. Rxe4 Rxe4 33. Qxe4 Qc1+ 34. Kh2 Qb2 35. Qe8+ Kg7 36. Qe7+ Kh6 37. f4 Qf2 38. Qf8+ Kh5 39. Qf7 Kh6 40. Qf8+ Kh5 41. a3 a5 42. Qf7 Kh6 43. a4 Qf1 44. Qf8+ Kh5 45. g4+ Kh4 46. Qh6# 1-0


[Site "https://www.chess.com"]

[Event "Titled Tuesday Blitz February 14 Early 2023"]
[White "Korpics, Zsolt"]
[Black "Valle Maytin, Luis Enrique"]
[WhiteFideId "705241"]
[BlackFideId "3503666"]
[WhiteElo "2300"]
[BlackElo "2241"]
[Result "0-1"]
[Round "05"]
[TimeControl "180+2"]
[Date "2023.02.15"]
[WhiteClock "0:00:06"]
[BlackClock "0:00:15"]

1. e4 c6 2. Nf3 d5 3. Nc3 Bg4 4. h3 Bxf3 5. Qxf3 e6 6. d3 g6 7. Bd2 Bg7 8. g4 Ne7 9. Bg2 d4 10. Ne2 c5 11. Qg3 Nbc6 12. f4 f5 13. gxf5 exf5 14. e5 Qb6 15. b3 Nb4 16. Bxb4 Qxb4+ 17. Kf2 O-O-O 18. c3 dxc3 19. Rhc1 Rhg8 20. a3 Qb6 21. Rxc3 g5 22. d4 Kb8 23. dxc5 Qc7 24. Rc4 gxf4 25. Qf3 Nc6 26. Rb4 Nxb4 27. axb4 Bxe5 28. Ra2 Bd4+ 29. Kf1 Be3 30. Rc2 Rd1# 0-1


[Site "https://www.chess.com"]

[Event "Titled Tuesday Blitz February 14 Early 2023"]
[White "SicilianPanzer"]
[Black "Ansh M Shah"]
[BlackFideId "25033379"]
[WhiteElo "2240"]
[BlackElo "2171"]
[Result "0-1"]
[Round "05"]
[TimeControl "180+2"]
[Date "2023.02.15"]
[WhiteClock "0:00:21"]
[BlackClock "0:00:56"]

1. e4 c6 2. d4 d5 3. Nd2 dxe4 4. Nxe4 Bf5 5. Ng3 Bg6 6. Nh3 Nf6 7. Bc4 e6 8. Nf4 Bd6 9. h4 Qc7 10. Qf3 Bxc2 11. Ngh5 Nxh5 12. Nxh5 O-O 13. Bh6 gxh6 14. d5 exd5 15. Qc3 Qe7+ 16. Kd2 Bb4 0-1


[Site "https://www.chess.com"]

[Event "Titled Tuesday Blitz February 14 Early 2023"]
[White "Miszler, Levente"]
[Black "Dzhaparov, Medet"]
[WhiteFideId "763276"]
[BlackFideId "13803689"]
[WhiteElo "2271"]
[BlackElo "1578"]
[Result "0-1"]
[Round "05"]
[TimeControl "180+2"]
[Date "2023.02.15"]
[WhiteClock "0:00:42"]
[BlackClock "0:00:39"]

1. d4 Nf6 2. c4 g6 3. Nf3 d5 4. e3 Bg7 5. Nc3 O-O 6. Be2 c6 7. O-O Bg4 8. b3 Qc7 9. Qc2 Bf5 10. Bd3 Bxd3 11. Qxd3 Nbd7 12. Ba3 Rfe8 13. e4 dxe4 14. Nxe4 Nxe4 15. Qxe4 c5 16. Rad1 Nf6 17. Qc2 cxd4 18. Nxd4 Ng4 19. Nf3 e5 20. Rfe1 Rad8 21. Rxd8 Rxd8 22. h3 Nh6 23. Bb2 Re8 24. Qd2 Nf5 25. Rd1 e4 26. Ne1 e3 27. fxe3 Nxe3 28. Bxg7 Nxd1 29. Bd4 Qe7 30. Nf3 Ne3 31. Kf2 Nf5 32. Bb2 Rd8 33. Qc3 f6 34. Nh2 Qc5+ 35. Kf1 Qd6 36. Nf3 Ng3+ 37. Kf2 Ne4+ 0-1


[Site "https://www.chess.com"]

[Event "Titled Tuesday Blitz February 14 Early 2023"]
[White "Meera, Sai"]
[Black "Mesa Cruz, Juan Carlos"]
[WhiteFideId "5004357"]
[BlackFideId "6423400"]
[WhiteElo "2064"]
[BlackElo "2122"]
[Result "1-0"]
[Round "05"]
[TimeControl "180+2"]
[Date "2023.02.15"]
[WhiteClock "0:00:03"]
[BlackClock "0:00:01"]

1. e4 c5 2. Nf3 d6 3. d4 cxd4 4. Nxd4 Nf6 5. Nc3 a6 6. a3 e5 7. Nf5 g6 8. Ne3 Be6 9. Ned5 Nbd7 10. Bg5 h6 11. Bxf6 Nxf6 12. Nxf6+ Qxf6 13. Nd5 Qd8 14. Bc4 Rc8 15. Bb3 Bg7 16. O-O O-O 17. Qd3 Kh7 18. Rad1 f5 19. f3 h5 20. Ne3 Bxb3 21. Qxb3 Rc6 22. exf5 gxf5 23. Qd3 Qg5 24. Kh1 h4 25. f4 exf4 26. Nd5 Rg8 27. Nxf4 Be5 28. Qd2 Bxf4 29. Rxf4 Rxc2 30. Rxh4+ Qxh4 31. Qxc2 Qg4 32. Rxd6 Re8 33. Rd7+ Kh6 34. Qc1+ Kg6 35. Rd6+ Kf7 36. h3 Qe4 37. Qc7+ Re7 38. Rd7 Qe1+ 39. Kh2 f4 40. Qc4+ Ke8 41. Qc8+ Kf7 42. Rxe7+ 1-0


[Site "https://www.chess.com"]